 Dungeon Crawl Stone Soup version 0.17-a0-1769-g54adf96 (webtiles) character file.

1113 ololoev the Poker (level 8, 68/68 HPs)
             Began as a Mottled Draconian Skald on Sept 7, 2015.
             Was an Elder of Cheibriados.
             Quit the game on level 5 of the Dungeon.
             The game lasted 00:15:13 (5287 turns).

ololoev the Poker (Mottled Draconian Skald)         Turns: 5287, Time: 00:15:13

Health: 68/68      AC:  8    Str: 25    XL:     8   Next: 12%
Magic:  12/12      EV: 15    Int: 21    God:    Cheibriados [****..]
Gold:   162        SH:  0    Dex: 24    Spells: 4 memorised, 4 levels left

rFire  . . .     SeeInvis .     a - +0 spear
rCold  + . .     Clarity  .     (armour unavailable)
rNeg   . . .     SustAt   .     (no shield)
rPois  .         Gourm    .     (helmet restricted)
rElec  .         Spirit   .     j - +1 cloak
rCorr  +         Warding  .     (no gloves)
rMut   .         Stasis   .     (no boots)
MR     .....                    y - amulet of resist corrosion
Stlth  +++.......               s - ring of stealth
                                d - ring of protection from cold

@: very slow, not resistant to hostile enchantments, fairly stealthy
A: breathe sticky flame splash, unfitting armour, mutation resistance 1,
cold-blooded, AC +6
a: Breathe Sticky Flame, Bend Time, Temporal Distortion, Slouch, Renounce
Religion


Innate Abilities, Weirdness & Mutations

You can spit globs of burning liquid.
You can ignite nearby creatures when you spit burning liquid.
Your weird mottled scales are hard (AC +6).
Your body does not fit into most forms of armour.
You are cold-blooded and may be slowed by cold attacks.
You are somewhat resistant to further mutation.

Inventory:

Hand weapons
 a - a +0 spear (weapon)
Armour
 j - a +1 cloak (worn)
Jewellery
 d - a ring of protection from cold (left hand)
 s - a ring of stealth (right hand)
 y - an amulet of resist corrosion (around neck)
Magical devices
 e - a wand of cold (7)
 o - a wand of teleportation (2)
 t - a wand of enslavement (2)
 u - a wand of confusion (6)
Scrolls
 f - a scroll of enchant armour {unknown}
 g - 2 scrolls of random uselessness {unknown}
 h - 8 scrolls of identify {unknown}
 i - 2 scrolls of remove curse {unknown}
 k - a scroll of magic mapping {unknown}
 l - a scroll of teleportation {unknown}
 m - a scroll of immolation {unknown}
 z - a scroll of recharging {unknown}
Potions
 n - 2 potions of ambrosia
Books
 b - a book of Battle

   Spells                             Type                      Level
   a - Infusion                       Charms                       1
   b - Shroud of Golubria             Charms/Translocation         2
   c - Song of Slaying                Charms                       2
   d - Spectral Weapon                Hexes/Charms                 3
   e - Regeneration                   Charms/Necromancy            3
Comestibles
 c - 2 bread rations
 r - 4 fruits
 x - a slice of pizza


   Skills:
 * Level 5.2 Fighting
 - Level 5.6 Polearms
 + Level 3.6 Dodging
 - Level 3.0 Spellcasting
 - Level 4.2 Charms
 - Level 3.0 Invocations


You had 4 spell levels left.
You knew the following spells:

 Your Spells              Type           Power        Failure   Level  Hunger
a - Infusion              Chrm           ###...       1%          1    None
b - Song of Slaying       Chrm           ###.....     3%          2    ##.....
c - Regeneration          Chrm/Necr      ##........   21%         3    ###....
d - Spectral Weapon       Hex/Chrm       ##......     21%         3    ###....


You were on level 5 of the Dungeon.
You worshipped Cheibriados.
Cheibriados was greatly pleased with you.
You were hungry.

You visited 1 branch of the dungeon, and saw 5 of its levels.

You collected 162 gold pieces.

#..#≈≈≈#.####
#..#≈≈≈#.#
#..##'##.# #
#........# '#
#..###..## ... #.
##.### .... #.#.##
.....
#.####....####......
#..........W@'......
##.###....####......
#.......## .....
#..###..# .... #.
#..# ... # #..# ..
...# # .####

Notes
Turn   | Place    | Note
--------------------------------------------------------------
     0 | D:1      | ololoev the Draconian Skald began the quest for the Orb.
     0 | D:1      | Reached XP level 1. HP: 17/17 MP: 3/3
   263 | D:1      | Reached skill level 3 in Charms
   286 | D:1      | Reached XP level 2. HP: 24/24 MP: 5/5
   290 | D:1      | Learned a level 2 spell: Song of Slaying
   589 | D:2      | Found a faded altar to an unknown god.
   904 | D:1      | Reached XP level 3. HP: 16/29 MP: 3/6
  1140 | D:2      | Became a worshipper of Cheibriados the Contemplative
  1140 | D:2      | Acquired Cheibriados's first power
  1279 | D:2      | Learned a level 3 spell: Regeneration
  1549 | D:2      | Reached XP level 4. HP: 34/36 MP: 1/7
  1803 | D:3      | Noticed shakdrar's ghost (average VSAs)
  1898 | D:3      | Noticed Jessica
  1905 | D:3      | Killed Jessica
  1927 | D:3      | Noticed Crazy Yiuf
  1938 | D:3      | Killed Crazy Yiuf
  1938 | D:3      | Reached XP level 5. HP: 36/41 MP: 1/8
  1983 | D:3      | Found a shadowy altar of Dithmenos.
  2018 | D:3      | Killed shakdrar's ghost
  2018 | D:3      | Reached skill level 4 in Polearms
  2018 | D:3      | Reached skill level 1 in Invocations
  2052 | D:3      | Acquired Cheibriados's second power
  2765 | D:3      | Reached XP level 6. HP: 48/48 MP: 10/10
  2972 | D:4      | Found a basalt altar of Yredelemnul.
  3005 | D:4      | Found an opulent altar of Gozag.
  3140 | D:4      | Found a blossoming altar of Fedhas.
  3498 | D:4      | Learned a level 3 spell: Spectral Weapon
  3507 | D:4      | Noticed PeterLawrence's ghost (average MiFi)
  3554 | D:4      | Killed PeterLawrence's ghost
  3554 | D:4      | Reached skill level 5 in Polearms
  3554 | D:4      | Your scales start taking on a weird mottled colour.
  3554 | D:4      | Reached XP level 7. HP: 6/57 MP: 1/11
  4332 | D:4      | Acquired Cheibriados's third power
  4363 | D:5      | Entered Level 5 of the Dungeon
  4616 | D:5      | Drew Focus: Str increased to 15, Int decreased to 11
  4617 | D:5      | Noticed Muses
  4923 | D:5      | Reached XP level 8. HP: 59/67 MP: 12/12
  4969 | D:5      | Reached skill level 5 in Fighting
  5164 | D:5      | Gained mutation: You are somewhat resistant to further mutation. [helix card]
  5281 | D:5      | Noticed luca467's ghost (experienced DsMo)
  5287 | D:5      | Quit the game

Dungeon Overview and Level Annotations

Branches:
Dungeon (5/15)
 Temple: D:4-7

Altars:
Cheibriados
Dithmenos
Fedhas
Gozag
Yredelemnul

Annotations:
D:5 luca467's ghost, experienced DsMo


Message History

You barely miss the adder.
Your tail-slap misses the adder.
The adder barely misses you. The adder misses you.
You miss the adder. The adder closely misses you.
You are feeling hungry.
You hit the adder.
The adder is moderately wounded.
The adder closely misses you.
You closely miss the adder. You tail-slap the adder.
The adder is heavily wounded.
The adder closely misses you.
You miss the adder.
The adder is heavily wounded.
The adder misses you.
You closely miss the adder. You tail-slap the adder.
The adder is severely wounded.
The adder completely misses you.
You hit the adder.
You kill the adder!
Cheibriados thoroughly appreciates the change of pace.
No target in view!
No target in view!
No target in view!
No target in view!
No target in view!
No target in view!
No target in view!
No target in view!
No target in view!
No target in view!
No target in view!
Luca467's ghost (experienced Demonspawn Monk) comes into view.
Press: ? - help, v - describe, . - travel
Here: luca467's ghost (hasn't noticed you)
The floor.
Drink which item? (? for menu, Esc to quit)
Okay, then.
Luca467's ghost turns its malevolent gaze towards you.
Luca467's ghost moves out of view.
Luca467's ghost closely misses you.
Are you sure you want to abandon this character and quit the game? (Confirm with "yes".)

You could see luca467's ghost.

Vanquished Creatures
  The ghost of PeterLawrence the Basher, an average MiFi (D:4)
  A phantom (D:4)
  A giant frog (D:5)
  The ghost of shakdrar the Sneak, an average VSAs (D:3)
  A scorpion (D:4)
  A jelly (D:5)
  A crimson imp (D:5)
  A giant frog zombie (D:4)
  A centaur zombie (D:5)
  An orc priest (D:4)
  Crazy Yiuf (D:3)
  An orc wizard (D:4)
  Jessica (D:3)
  A giant frog skeleton (D:4)
  2 hounds (D:5)
  2 worker ants
  2 gnolls (D:5)
  12 adders
  A shadow imp (D:5)
  3 worms (D:2)
  6 orcs
  3 ball pythons
  8 goblins
  8 hobgoblins
  11 jackals
  A quokka (D:3)
  8 bats
  6 giant cockroaches
  4 giant geckos
  7 giant newts
  6 kobolds
  4 rats
  A spectral weapon (D:4)
109 creatures vanquished.

Vanquished Creatures (others)
  A spectral weapon (D:4)
1 creature vanquished.

Grand Total: 110 creatures vanquished

Action                   |  1- 3 |  4- 6 |  7- 9 || total
-------------------------+-------+-------+-------++-------
Melee: Spear             |   137 |   218 |   145 ||   500
 Cast: Song of Slaying   |     5 |     1 |     1 ||     7
       Infusion          |     2 |     4 |       ||     6
       Regeneration      |     1 |       |       ||     1
       Spectral Weapon   |       |     2 |       ||     2
 Abil: Breathe Sticky Fl |       |       |     3 ||     3
Evoke: Wand              |       |     9 |     1 ||    10
       Deck              |       |       |     9 ||     9
  Use: Potion            |     1 |     8 |     2 ||    11
 Stab: Sleeping          |     1 |     3 |     5 ||     9
       Invisible         |       |    11 |       ||    11
       Confused          |       |     1 |       ||     1
       Distracted        |       |       |     1 ||     1
  Eat: Chunk             |     2 |     3 |     2 ||     7
       Beef jerky        |       |       |     1 ||     1

Vault maps used:
D:1:      minmay_arrival_radiant_lines
D:2:      ecumenical_altar_2, minmay_misc_feat_room
D:3:      nicolae_overflow_crystal_walls, uniq_crazy_yiuf_cottage, uniq_jessica
D:4:      kennysheep_little_box, grunt_gozag_breadcrumbs, old_standard_altar
D:5:      minmay_temple_entry_from_below_a, gup_sewer_entry_glass, first_bread,
          columned_hall_lemuel, amalloy_card_club
